 Dungeon Crawl Stone Soup version 0.17-a0-562-gfd539b1 (webtiles) character file.

55 inmateoo the Charlatan (level 4, -4/25 HPs)
             Began as a Kobold Artificer on Apr 14, 2015.
             Slain by a hobgoblin
             ... wielding a +0 club
              (5 damage)
             ... on level 2 of the Dungeon.
             The game lasted 00:03:11 (1795 turns).

inmateoo the Charlatan (Kobold Artificer)           Turns: 1795, Time: 00:03:11

Health: -4/25      AC:  3    Str:  9    XL:     4   Next: 14%
Magic:  7/7        EV: 15    Int: 10    God:
Gold:   135        SH:  0    Dex: 17    Spells: 0 memorised, 3 levels left

rFire  . . .     SeeInvis .     a - +0 short sword
rCold  . . .     Clarity  .     e - +0 leather armour
rNeg   . . .     SustAb   .     (shield restricted)
rPois  .         Gourm    .     (no helmet)
rElec  .         Spirit   .     (no cloak)
rCorr  .         Warding  .     (no gloves)
rMut   .         Stasis   .     (no boots)
MR     .....                    (no amulet)
Stlth  ++........               (no ring)
                                (no ring)

@: slowed, very slow, not resistant to hostile enchantments, unstealthy
A: carnivore 3
a: no special abilities


You were on level 2 of the Dungeon.
You were completely stuffed.

You visited 1 branch of the dungeon, and saw 2 of its levels.

You collected 135 gold pieces.

Inventory:

Hand weapons
 a - a +0 short sword (weapon)
Armour
 e - a +0 leather armour (worn)
Magical devices
 b - a wand of flame (10)
 c - a wand of enslavement (12)
 d - a wand of random effects (12)
Scrolls
 g - a scroll of identify {unknown}
 i - 2 scrolls of blinking {unknown}
 j - a scroll of remove curse {unknown}
 k - a scroll of enchant weapon {unknown}
 l - a scroll of amnesia {unknown}
Potions
 h - 2 potions of curing {unknown}
Comestibles
 f - a meat ration
 m - a beef jerky


   Skills:
 + Level 1.5 Fighting
 * Level 3.2 Short Blades
 + Level 2.8 Dodging
 + Level 1.9 Stealth
 + Level 4.2 Evocations


You had 3 spell levels left.
You didn't know any spells.

Dungeon Overview and Level Annotations

Branches:
Dungeon (2/15)

Altars:
Dithmenos

Annotations:
D:2 Natasha


Innate Abilities, Weirdness & Mutations

You are small and have problems with some larger weapons.
You are carnivorous and can eat meat at any time.


Message History

Natasha is severely wounded.
Natasha closely misses you. The hobgoblin barely misses you.
Unknown command.
You hit Natasha but do no damage.
Natasha is severely wounded.
Natasha casts a spell at you.
You feel as though you will be slow longer.
The white imp shouts, "Crawl home, thou rank fen-sucked flap-bat!"
The white imp gestures at you. The puff of frost hits you!
The hobgoblin closely misses you. Natasha barely misses you.
Unknown command.
You barely miss Natasha.
Natasha is severely wounded.
The white imp shouts, "Slither away, thou villainous guts-griping yak-dropping!"
The white imp gestures at you. The puff of frost hits you!
* * * LOW HITPOINT WARNING * * *
The hobgoblin hits you with a club.
You die...

.................##.##..## ##.
.................#.###..###..
................#.# ##......
...............#.# ###....
................#### #....
......#...........####...
....###.....#...........
.....###...(........###.†
).......@5....##...#####. ##
........hg...#####.....#. ##w
......##.....# ##....... ...
###.#.....#...## #........
#.##......# . .....# #........
...#.......# #####....#
#........
#.........###........###........
#..###..........................
##........#.<.........####.....(


You could see Natasha, a white imp and a hobgoblin.

Vanquished Creatures
  2 adders (D:2)
  A white imp (D:2)
  An ooze (D:1)
  A worm (D:2)
  2 giant geckos
  5 bats
  3 hobgoblins
  4 kobolds (D:1)
  2 giant cockroaches (D:1)
  4 goblins
  6 rats
31 creatures vanquished.

Vanquished Creatures (collateral kills)
  A bat (D:2)
  A hobgoblin (D:2)
  2 goblins (D:2)
4 creatures vanquished.

Grand Total: 35 creatures vanquished

Notes
Turn   | Place    | Note
--------------------------------------------------------------
     0 | D:1      | inmateoo, the Kobold Artificer, began the quest for the Orb.
     0 | D:1      | Reached XP level 1. HP: 12/12 MP: 3/3
   366 | D:1      | Reached XP level 2. HP: 8/16 MP: 4/4
   614 | D:1      | Reached skill level 4 in Evocations
   866 | D:1      | Reached XP level 3. HP: 13/20 MP: 6/6
  1605 | D:2      | Found a shadowy altar of Dithmenos.
  1624 | D:2      | Reached XP level 4. HP: 17/25 MP: 7/7
  1779 | D:2      | Noticed Natasha
  1795 | D:2      | HP: 1/25 [white imp/puff of frost[Natasha] (11)]
  1795 | D:2      | Slain by a hobgoblin

Action                   |  1- 3 |  4- 6 || total
-------------------------+-------+-------++-------
Melee: Short sword       |   105 |    17 ||   122
Evoke: Wand              |     6 |     5 ||    11
 Stab: Sleeping          |     1 |       ||     1
       Paralysed         |       |     1 ||     1
  Eat: Chunk             |    11 |       ||    11
